Workbook

Sheet Приложение 1
C1: Приложение 1 к решению Совета депутатов Пятинского сельского поселения №69 от 07.11.2022г. "О внесении изменений в решение Совета депутатов Пятинского сельского поселения Ромодановского муниципального района Республики Мордовия от 30.12.2021г. №40 «О бюджете Пятинского сельского поселения Ромодановского муниципального района Республики Мордовия на 2022 год и на плановый период 2023 и 2024 годов»
A6: ОБЪЕМ БЕЗВОЗМЕЗДНЫХ ПОСТУПЛЕНИЙ В БЮДЖЕТ ПЯТИНСКОГО СЕЛЬСКОГО ПОСЕЛЕНИЯ РОМОДАНОВСКОГО МУНИЦИПАЛЬНОГО РАЙОНА РЕСПУБЛИКИ МОРДОВИЯ НА 2022 ГОД И НА ПЛАНОВЫЙ ПЕРИОД 2023 И 2024 ГОДОВ
E7: (тыс. рублей)
A8: Код | B8: Наименование | C8: Сумма
C9: 2022 год | D9: 2023 год | E9: 2024 год
A10: 1 | B10: 2 | C10: 3 | D10: 4 | E10: 5
A11: 2 00 00000 00 0000 000 | B11: БЕЗВОЗМЕЗДНЫЕ ПОСТУПЛЕНИЯ | C11: =C13+C21+C26+C19 -> 1041.7 | D11: =D13+D21+D26 -> 359.6 | E11: =E13+E21+E26 -> 362.8
A12: 2 02 00000 00 0000 000 | B12: Безвозмездные поступления от других бюджетов бюджетной системы Российской Федерации | C12: =C11 -> 1041.7 | D12: =D11 -> 359.6 | E12: =E11 -> 362.8
A13: 2 02 10000 00 0000 150 | B13: Дотации бюджетам бюджетной системы Российской Федерации | C13: =C14+C16 -> 462.9 | D13: =D14+D16 -> 0 | E13: =E14+E16 -> 0
A14: 2 02 15001 00 0000 150 | B14: Дотации на выравнивание бюджетной обеспеченности | C14: =C15 -> 0 | D14: =D15 -> 0 | E14: =E15 -> 0
A15: 2 02 15001 10 0000 150 | B15: Дотации бюджетам сельских поселений на выравнивание бюджетной обеспеченности из бюджета субъекта Российской Федерации
A16: 2 02 15002 00 0000 150 | B16: Дотации бюджетам на поддержку мер по обеспечению сбалансированности бюджетов | C16: =C17 -> 462.9 | D16: =D17 -> 0 | E16: =E17 -> 0
A17: 2 02 15002 10 0000 150 | B17: Дотации бюджетам сельских поселений на поддержку мер по обеспечению сбалансированности бюджетов | C17: 462.9
A18: 2 02 20000 00 0000 150 | B18: Субсидии бюджетам бюджетной системы Российской Федерации (межбюджетные субсидии) | C18: =+C19 -> 216.7 | D18: =+D19 -> 0 | E18: =+E19 -> 0
A19: 2 02 29999 00 0000 150 | B19: Прочие субсидии | C19: =C20 -> 216.7 | D19: =D20 -> 0 | E19: =E20 -> 0
A20: 2 02 29999 10 0000 150 | B20: Прочие субсидии бюджетам сельских поселений | C20: 216.7
A21: 2 02 30000 00 0000 150 | B21: Субвенции бюджетам бюджетной системы Российской Федерации | C21: =C22+C24 -> 95.6 | D21: =D22+D24 -> 93.1 | E21: =E22+E24 -> 96.3
A22: 2 02 30024 00 0000 150 | B22: Субвенции местным бюджетам на выполнение передаваемых полномочий субъектов Российской Федерации | C22: =C23 -> 0.3 | D22: =D23 -> 0.3 | E22: =E23 -> 0.3
A23: 2 02 30024 10 0000 150 | B23: Субвенции бюджетам сельских поселений на выполнение передаваемых полномочий субъектов Российской Федерации | C23: 0.3 | D23: 0.3 | E23: 0.3
A24: 2 02 35118 00 0000 150 | B24: Субвенции бюджетам на осуществление первичного воинского учета органами местного самоуправления поселений,муниципальных и городских округов | C24: =C25 -> 95.3 | D24: =D25 -> 92.8 | E24: =E25 -> 96
A25: 2 02 35118 10 0000 150 | B25: Субвенции бюджетам сельских поселений на осуществление первичного воинского учета органами местного самоуправления поселений,муниципальных и городских округов | C25: 95.3 | D25: 92.8 | E25: 96
A26: 2 02 40000 00 0000 150 | B26: Иные межбюджетные трансферты | C26: =C27 -> 266.5 | D26: =D27 -> 266.5 | E26: =E27 -> 266.5
A27: 2 02 40014 00 0000 150 | B27: Межбюджетные трансферты, передаваемые бюджетам муниципальных образований на осуществление части полномочий по решению вопросов местного значения в соответствии с заключенными соглашениями | C27: =C28 -> 266.5 | D27: =D28 -> 266.5 | E27: =E28 -> 266.5
A28: 2 02 40014 10 0000 150 | B28: Межбюджетные трансферты, передаваемые бюджетам сельских поселений из бюджетов муниципальных районов на осуществление части полномочий по решению вопросов местного значения в соответствии с заключенными соглашениями | C28: 266.5 | D28: 266.5 | E28: 266.5

Sheet Приложение 2
I1: Приложение 2 к решению Совета депутатов Пятинского сельского поселения №69 от 07.11.2022г. "О внесении изменений в решение Совета депутатов Пятинского сельского поселения Ромодановского муниципального района Республики Мордовия от 30.12.2021г. №40 «О бюджете Пятинского сельского поселения Ромодановского муниципального района Республики Мордовия на 2022 год и на плановый период 2023 и 2024 годов»
A2: ВЕДОМСТВЕННАЯ СТРУКТУРА РАСХОДОВ БЮДЖЕТА ПЯТИНСКОГО СЕЛЬСКОГО ПОСЕЛЕНИЯ РОМОДАНОВСКОГО МУНИЦИПАЛЬНОГО РАЙОНА РЕСПУБЛИКИ МОРДОВИЯ НА 2022 ГОД И НА ПЛАНОВЫЙ ПЕРИОД 2023 И 2024 ГОДОВ
I3: (тыс. рублей)
A4: Наименование | B4: Адм | C4: Рз | D4: Прз | E4: Цср | I4: Вр | J4: Сумма
J5: 2022 год | K5: 2023 год | L5: 2024 год
A6: 1 | B6: 2 | C6: 3 | D6: 4 | E6: 5 | F6: 6 | G6: 7 | H6: 8 | I6: 9 | J6: 10 | K6: 11 | L6: 12
A7: ВСЕГО | J7: =J8 -> 4951.8 | K7: =K8 -> 1495.8 | L7: =L8 -> 1529.2
A8: Администрация Пятинского сельского поселения Ромодановского муниципального района Республики Мордовия | B8: 921 | J8: =J9+J50+J60+J74+J101 -> 4951.8 | K8: =K9+K50+K60+K74+K101+K108 -> 1495.8 | L8: =L9+L50+L60+L74+L101+L108 -> 1529.2
A9: Общегосударственные вопросы | B9: 921 | C9: 01 | J9: =J10+J19+J38+J44 -> 2159.2 | K9: =K10+K19+K38 -> 757.5 | L9: =L10+L19+L38 -> 751.2
A10: Функционирование высшего должностного лица субъекта Российской Федерации и муниципального образования | B10: 921 | C10: 01 | D10: 02 | J10: =J11+J16 -> 509.9 | K10: =K11 -> 217 | L10: =L11 -> 210.7
A11: Обеспечение деятельности администрации Пятинского сельского поселения Ромодановского муниципального района Республики Мордовия | B11: 921 | C11: 01 | D11: 02 | E11: 65 | F11: 0 | J11: =J12 -> 449.3 | K11: =K12 -> 217 | L11: =L12 -> 210.7
A12: Высшее должностное лицо | B12: 921 | C12: 01 | D12: 02 | E12: 65 | F12: 1 | J12: =J13 -> 449.3 | K12: =K13 -> 217 | L12: =L13 -> 210.7
A13: Расходы на выплаты по оплате труда высшего должностного лица | B13: 921 | C13: 01 | D13: 02 | E13: 65 | F13: 1 | G13: 00 | H13: 41150 | J13: =J14 -> 449.3 | K13: =K14 -> 217 | L13: =L14 -> 210.7
A14: Расходы на выплаты персоналу в целях обеспечения выполнения функций государственными (муниципальными) органами, казенными учреждениями, органами управления государственными внебюджетными фондами | B14: 921 | C14: 01 | D14: 02 | E14: 65 | F14: 1 | G14: 00 | H14: 41150 | I14: 100 | J14: =J15 -> 449.3 | K14: =K15 -> 217 | L14: =L15 -> 210.7
A15: Расходы на выплаты персоналу государственных (муниципальных) органов | B15: 921 | C15: 01 | D15: 02 | E15: 65 | F15: 1 | G15: 00 | H15: 41150 | I15: 120 | J15: 449.3 | K15: 217 | L15: 210.7
A16: Субсидии на софинансирование расходных обязательств по финансовому обеспечению деятельности органов местного самоуправления и муниципальных учреждений | B16: 921 | C16: 01 | D16: 02 | E16: 65 | F16: 1 | G16: 00 | H16: 44205 | J16: =J17 -> 60.6
A17: =A14 -> Расходы на выплаты персоналу в целях обеспечения выполнения функций государственными (муниципальными) органами, казенными учреждениями, органами управления государственными внебюджетными фондами | B17: 921 | C17: 01 | D17: 02 | E17: 65 | F17: 1 | G17: 00 | H17: 44205 | I17: 100 | J17: =J18 -> 60.6
A18: =A15 -> Расходы на выплаты персоналу государственных (муниципальных) органов | B18: 921 | C18: 01 | D18: 02 | E18: 65 | F18: 1 | G18: 00 | H18: 44205 | I18: 120 | J18: 60.6
A19: Функционирование Правительства Российской Федерации, высших исполнительных органов государственной власти субъектов Российской Федерации, местных администраций | B19: 921 | C19: 01 | D19: 04 | J19: =J20+J33+J25 -> 1624.3 | K19: =K20+K33 -> 535.5 | L19: =L20+L33 -> 535.5
A20: =A11 -> Обеспечение деятельности администрации Пятинского сельского поселения Ромодановского муниципального района Республики Мордовия | B20: 921 | C20: 01 | D20: 04 | E20: 65 | F20: 0 | J20: =J21 -> 1564.7 | K20: =K21 -> 535.2 | L20: =L21 -> 535.2
A21: Расходы в рамках обеспечения деятельности администрации Алтарского сельского поселения | B21: 921 | C21: 01 | D21: 04 | E21: 65 | F21: 2 | J21: =J22+J28 -> 1564.7 | K21: =K22+K28 -> 535.2 | L21: =L22+L28 -> 535.2
A22: Расходы на выплаты по оплате труда работников органов местного самоуправления | B22: 921 | C22: 01 | D22: 04 | E22: 65 | F22: 2 | G22: 00 | H22: 41110 | J22: =J23 -> 835.1 | K22: =K23 -> 420.2 | L22: =L23 -> 420.2
A23: Расходы на выплаты персоналу в целях обеспечения выполнения функций государственными (муниципальными) органами, казенными учреждениями, органами управления государственными внебюджетными фондами | B23: 921 | C23: 01 | D23: 04 | E23: 65 | F23: 2 | G23: 00 | H23: 41110 | I23: 100 | J23: =J24 -> 835.1 | K23: =K24 -> 420.2 | L23: =L24 -> 420.2
A24: Расходы на выплаты персоналу государственных (муниципальных) органов | B24: 921 | C24: 01 | D24: 04 | E24: 65 | F24: 2 | G24: 00 | H24: 41110 | I24: 120 | J24: 835.1 | K24: 420.2 | L24: 420.2
A25: =A16 -> Субсидии на софинансирование расходных обязательств по финансовому обеспечению деятельности органов местного самоуправления и муниципальных учреждений | B25: 921 | C25: 01 | D25: 04 | E25: 65 | F25: 2 | G25: 00 | H25: 44205 | J25: =J26 -> 59.3
A26: =A23 -> Расходы на выплаты персоналу в целях обеспечения выполнения функций государственными (муниципальными) органами, казенными учреждениями, органами управления государственными внебюджетными фондами | B26: 921 | C26: 01 | D26: 04 | E26: 65 | F26: 2 | G26: 00 | H26: 44205 | I26: 100 | J26: =J27 -> 59.3
A27: =A24 -> Расходы на выплаты персоналу государственных (муниципальных) органов | B27: 921 | C27: 01 | D27: 04 | E27: 65 | F27: 2 | G27: 00 | H27: 44205 | I27: 120 | J27: 59.3
A28: Расходы на обеспечение функций органов местного самоуправления | B28: 921 | C28: 01 | D28: 04 | E28: 65 | F28: 2 | G28: 00 | H28: 41120 | J28: =+J29+J31 -> 729.6 | K28: =+K29+K31 -> 115 | L28: =+L29+L31 -> 115
A29: Закупка товаров, работ и услуг для государственных (муниципальных) нужд | B29: 921 | C29: 01 | D29: 04 | E29: 65 | F29: 2 | G29: 00 | H29: 41120 | I29: 200 | J29: =J30 -> 714.4 | K29: =K30 -> 100 | L29: =L30 -> 100
A30: Иные закупки товаров, работ и услуг для обеспечения государственных (муниципальных) нужд | B30: 921 | C30: 01 | D30: 04 | E30: 65 | F30: 2 | G30: 00 | H30: 41120 | I30: 240 | J30: 714.4 | K30: 100 | L30: 100
A31: Иные бюджетные ассигнования | B31: 921 | C31: 01 | D31: 04 | E31: 65 | F31: 2 | G31: 00 | H31: 41120 | I31: 800 | J31: =J32 -> 15.2 | K31: =K32 -> 15 | L31: =L32 -> 15
A32: Уплата налогов, сборов и иных платежей | B32: 921 | C32: 01 | D32: 04 | E32: 65 | F32: 2 | G32: 00 | H32: 41120 | I32: 850 | J32: 15.2 | K32: 15 | L32: 15
A33: Непрограммные расходы главных распорядителей бюджетных средств Пятинского сельского поселения Ромодановского муниципального района Республики Мордовия | B33: 921 | C33: 01 | D33: 04 | E33: 89 | F33: 0 | J33: =J34 -> 0.3 | K33: =K34 -> 0.3 | L33: =L34 -> 0.3
A34: Непрограммные расходы в рамках обеспечения деятельности главных распорядителей бюджетных средств Пятинского сельского поселения Ромодановского муниципального района Республики Мордовия | B34: 921 | C34: 01 | D34: 04 | E34: 89 | F34: 1 | J34: =J35 -> 0.3 | K34: =K35 -> 0.3 | L34: =L35 -> 0.3
A35: Осуществление государственных полномочий Республики Мордовия по определению перечня должностных лиц, уполномоченных составлять протоколы об административных правонарушениях, предусмотренных Законом Республики Мордовия от 15 июня 2015 года № 38-З "Об административной ответственности на территории Республики Мордовия" | B35: 921 | C35: 01 | D35: 04 | E35: 89 | F35: 1 | G35: 00 | H35: 77150 | J35: =J36 -> 0.3 | K35: =K36 -> 0.3 | L35: =L36 -> 0.3
A36: Закупка товаров, работ и услуг для государственных (муниципальных) нужд | B36: 921 | C36: 01 | D36: 04 | E36: 89 | F36: 1 | G36: 00 | H36: 77150 | I36: 200 | J36: =J37 -> 0.3 | K36: =K37 -> 0.3 | L36: =L37 -> 0.3
A37: Иные закупки товаров, работ и услуг для обеспечения государственных (муниципальных) нужд | B37: 921 | C37: 01 | D37: 04 | E37: 89 | F37: 1 | G37: 00 | H37: 77150 | I37: 240 | J37: 0.3 | K37: 0.3 | L37: 0.3
A38: Резервные фонды | B38: 921 | C38: 01 | D38: 11 | J38: =J39 -> 5 | K38: =K39 -> 5 | L38: =L39 -> 5
A39: Непрограммные расходы главных распорядителей бюджетных средств Пятинского сельского поселения Ромодановского муниципального района Республики Мордовия | B39: 921 | C39: 01 | D39: 11 | E39: 89 | F39: 0 | J39: =J40 -> 5 | K39: =K40 -> 5 | L39: =L40 -> 5
A40: Непрограммные расходы в рамках обеспечения деятельности главных распорядителей бюджетных средств Пятинского сельского поселения Ромодановского муниципального района Республики Мордовия | B40: 921 | C40: 01 | D40: 11 | E40: 89 | F40: 1 | J40: =J41 -> 5 | K40: =K41 -> 5 | L40: =L41 -> 5
A41: Резервный фонд Администрации Пятинского сельского поселени Ромодановского муниципального района Республики Мордовия | B41: 921 | C41: 01 | D41: 11 | E41: 89 | F41: 1 | G41: 00 | H41: 41180 | J41: =J43 -> 5 | K41: =K43 -> 5 | L41: =L43 -> 5
A42: Иные бюджетные ассигнования | B42: 921 | C42: 01 | D42: 11 | E42: 89 | F42: 1 | G42: 00 | H42: 41180 | I42: 800 | J42: =J43 -> 5 | K42: =K43 -> 5 | L42: =L43 -> 5
A43: Резервные средства | B43: 921 | C43: 01 | D43: 11 | E43: 89 | F43: 1 | G43: 00 | H43: 41180 | I43: 870 | J43: 5 | K43: 5 | L43: 5
A44: Другие общегосударственные воросы | B44: 921 | C44: 01 | D44: 13 | J44: =J45 -> 20
A45: =A39 -> Непрограммные расходы главных распорядителей бюджетных средств Пятинского сельского поселения Ромодановского муниципального района Республики Мордовия | B45: 923 | C45: 01 | D45: 13 | E45: 89 | F45: 0 | J45: =J46 -> 20
A46: =A40 -> Непрограммные расходы в рамках обеспечения деятельности главных распорядителей бюджетных средств Пятинского сельского поселения Ромодановского муниципального района Республики Мордовия | B46: 923 | C46: 01 | D46: 13 | E46: 89 | F46: 1 | J46: =J47 -> 20
A47: Оценка недвижимости,признание прав и регулирование отношений по муниципальной собственности | B47: 923 | C47: 01 | D47: 13 | E47: 89 | F47: 1 | G47: 00 | H47: 42200 | J47: =J48 -> 20
A48: =A36 -> Закупка товаров, работ и услуг для государственных (муниципальных) нужд | B48: 923 | C48: 01 | D48: 13 | E48: 89 | F48: 1 | G48: 00 | H48: 42200 | I48: 200 | J48: =J49 -> 20
A49: =A37 -> Иные закупки товаров, работ и услуг для обеспечения государственных (муниципальных) нужд | B49: 923 | C49: 01 | D49: 13 | E49: 89 | F49: 1 | G49: 00 | H49: 42200 | I49: 240 | J49: 20
A50: Национальная оборона | B50: 921 | C50: 02 | J50: =J51 -> 95.3 | K50: =K51 -> 92.8 | L50: =L51 -> 96
A51: Мобилизация и вневойсковая подготовка | B51: 921 | C51: 02 | D51: 03 | J51: =J52 -> 95.3 | K51: =K52 -> 92.8 | L51: =L52 -> 96
A52: Государственная программа повышения эффективности управления государственными финансами в Республике Мордовия | B52: 921 | C52: 02 | D52: 03 | E52: 17 | F52: 0 | J52: =J53 -> 95.3 | K52: =K53 -> 92.8 | L52: =L53 -> 96
A53: Подпрограмма "Повышения эффективности межбюджетных отношений" | B53: 921 | C53: 02 | D53: 03 | E53: 17 | F53: 3 | J53: =J54 -> 95.3 | K53: =K54 -> 92.8 | L53: =L54 -> 96
A54: Основное мероприятие: "Обеспечение осуществления органами местного самоуправления отдельных государственных полномочий" | B54: 921 | C54: 02 | D54: 03 | E54: 17 | F54: 3 | G54: 02 | J54: =J55 -> 95.3 | K54: =K55 -> 92.8 | L54: =L55 -> 96
A55: Осуществление государственных полномочий Российской Федерации по первичному воинскому учету на территориях,где отсуствуют военные комиссариаты | B55: 921 | C55: 02 | D55: 03 | E55: 17 | F55: 3 | G55: 02 | H55: 51180 | J55: =J58+J56 -> 95.3 | K55: =K58+K56 -> 92.8 | L55: =L58+L56 -> 96
A56: Расходы на выплаты персоналу в целях обеспечения выполнения функций государственными (муниципальными) органами, казенными учреждениями, органами управления государственными внебюджетными фондами | B56: 921 | C56: 02 | D56: 03 | E56: 17 | F56: 3 | G56: 02 | H56: 51180 | I56: 100 | J56: =J57 -> 92.3 | K56: =K57 -> 87.8 | L56: =L57 -> 91
A57: Расходы на выплаты персоналу государственных (муниципальных) органов | B57: 921 | C57: 02 | D57: 03 | E57: 17 | F57: 3 | G57: 02 | H57: 51180 | I57: 120 | J57: 92.3 | K57: 87.8 | L57: 91
A58: Закупка товаров, работ и услуг для государственных (муниципальных) нужд | B58: 921 | C58: 02 | D58: 03 | E58: 17 | F58: 3 | G58: 02 | H58: 51180 | I58: 200 | J58: =J59 -> 3 | K58: =K59 -> 5 | L58: =L59 -> 5
A59: Иные закупки товаров, работ и услуг для обеспечения государственных (муниципальных) нужд | B59: 921 | C59: 02 | D59: 03 | E59: 17 | F59: 3 | G59: 02 | H59: 51180 | I59: 240 | J59: 3 | K59: 5 | L59: 5
A60: Национальная экономика | B60: 921 | C60: 04 | J60: =J61+J68 -> 396.5 | K60: =K61 -> 266.5 | L60: =L61 -> 266.5
A61: Дорожное хозяйство (дорожные фонды) | B61: 921 | C61: 04 | D61: 09 | J61: =J62 -> 386.5 | K61: =K62 -> 266.5 | L61: =L62 -> 266.5
A62: ='[1]Приложение 2'!$A$76 -> Муниципальная программа «Комплексное развитие транспортной инфраструктуры Пятинского сельского поселения Ромодановского муниципального района Республики Мордовия на 2018- 2030 года" | B62: 921 | C62: 04 | D62: 09 | E62: 10 | F62: 0 | J62: =J65 -> 386.5 | K62: =K65 -> 266.5 | L62: =L65 -> 266.5
A63: Подпрограмма "Комплексного развития транспортной инфраструктуры Пятинского сельского поселения Ромодановского муниципального района Республики Мордовия на 2018- 2030 года" | B63: 921 | C63: 04 | D63: 09 | E63: 10 | F63: 1 | J63: =J64 -> 386.5 | K63: =K64 -> 266.5 | L63: =L64 -> 266.5
A64: Основные мероприятия « Ремонт и содержание дорог в границах поселения, поддержание дорожного полотна в работоспособном состоянии» | B64: 921 | C64: 04 | D64: 09 | E64: 10 | F64: 1 | G64: 02 | J64: =J65 -> 386.5 | K64: =K65 -> 266.5 | L64: =L65 -> 266.5
A65: осуществление полномочий по дорожной деятельности в отношении автомобильных дорог местного значения в границах населенных пунктов поселения и обеспечению безопасности дорожного движения на них, включая создание и обеспечение функционирования парковок (парковочных мест), осуществлению муниципального контроля за сохранностью автомобильных дорог местного значения в границах населенных пунктов поселения, организации дорожного движения, а также осуществлению иных полномочий в области использования автомобильных дорог и осуществления дорожной деятельности в соответствии с законодательством Российской Федерации | B65: 921 | C65: 04 | D65: 09 | E65: 10 | F65: 1 | G65: 02 | H65: 44102 | J65: =J66 -> 386.5 | K65: =K66 -> 266.5 | L65: =L66 -> 266.5
A66: Закупка товаров, работ и услуг для государственных (муниципальных) нужд | B66: 921 | C66: 04 | D66: 09 | E66: 10 | F66: 1 | G66: 02 | H66: 44102 | I66: 200 | J66: =J67 -> 386.5 | K66: =K67 -> 266.5 | L66: =L67 -> 266.5
A67: Иные закупки товаров, работ и услуг для обеспечения государственных (муниципальных) нужд | B67: 921 | C67: 04 | D67: 09 | E67: 10 | F67: 1 | G67: 02 | H67: 44102 | I67: 240 | J67: 386.5 | K67: 266.5 | L67: 266.5
A68: Другие вопросы в области национальной экономикм | B68: 921 | C68: 04 | D68: 12 | J68: =J69 -> 10
A69: =A76 -> Непрограммные расходы главных распорядителей средств бюджета Пятинского сельского поселения Ромодановского муниципального района Республики Мордовия | B69: 921 | C69: 04 | D69: 12 | E69: 89 | J69: =J70 -> 10
A70: =A77 -> Непрограммные расходы в рамках обеспечения деятельности главных распорядителей средств бюджета Пятинского сельского поселения Ромодановского муниципального района Республики Мордовия | B70: 921 | C70: 04 | D70: 12 | E70: 89 | F70: 1 | G70: 00 | J70: =J71 -> 10
A71: Мероприятия по землеустройству и землепользованию | B71: 921 | C71: 04 | D71: 12 | E71: 89 | F71: 1 | G71: 00 | H71: 42370 | J71: =J72 -> 10
A72: =A80 -> Закупки товаров, работ и услуг для государственных (муниципальных) нужд | B72: 921 | C72: 04 | D72: 12 | E72: 89 | F72: 1 | G72: 00 | H72: 42370 | I72: 200 | J72: =J73 -> 10
A73: =A81 -> Иные закупка товаров, работ и услуг для обеспечения государственных (муниципальных) нужд | B73: 921 | C73: 04 | D73: 12 | E73: 89 | F73: 1 | G73: 00 | H73: 42370 | I73: 240 | J73: 10
A74: Жилищно-коммунальное хозяйство | B74: 921 | C74: 05 | J74: =J88+J75+J82 -> 2126.9 | K74: =K88 -> 170 | L74: =L88 -> 170
A75: Жилищное хозяйство | B75: 921 | C75: 05 | D75: 01 | J75: =J76 -> 20
A76: Непрограммные расходы главных распорядителей средств бюджета Пятинского сельского поселения Ромодановского муниципального района Республики Мордовия | B76: 921 | C76: 05 | D76: 01 | E76: 89 | J76: =J77 -> 20
A77: Непрограммные расходы в рамках обеспечения деятельности главных распорядителей средств бюджета Пятинского сельского поселения Ромодановского муниципального района Республики Мордовия | B77: 921 | C77: 05 | D77: 01 | E77: 89 | F77: 1 | G77: 00 | J77: =J78 -> 20
A78: Мероприятия по укреплению общественного порядка и обеспечению общественной безопастности | B78: 921 | C78: 05 | D78: 01 | E78: 89 | F78: 1 | G78: 00 | H78: 42300 | J78: =J79 -> 20
A79: Взнос на капитальный ремонт общего имущества в многоквартирном доме | B79: 921 | C79: 05 | D79: 01 | E79: 89 | F79: 1 | G79: 00 | H79: 42360 | J79: =J80 -> 20
A80: Закупки товаров, работ и услуг для государственных (муниципальных) нужд | B80: 921 | C80: 05 | D80: 01 | E80: 89 | F80: 1 | G80: 00 | H80: 42360 | I80: 200 | J80: =J81 -> 20
A81: Иные закупка товаров, работ и услуг для обеспечения государственных (муниципальных) нужд | B81: 921 | C81: 05 | D81: 01 | E81: 89 | F81: 1 | G81: 00 | H81: 42360 | I81: 240 | J81: 20
A82: Коммунальное хозяйство | B82: 921 | C82: 05 | D82: 02 | J82: =J83 -> 114
A83: Муниципальная программа "Энергосбережение и повышение энергетической эффетивности в Ромодановсом муниципальном районе" | B83: 921 | C83: 05 | D83: 02 | E83: 12 | F83: 0 | J83: =J84 -> 114
A84: Основное мероприятие"Субсидирование оформления прав собственности на бесхозяйные объекты инженерной инфраструктуры" | B84: 921 | C84: 05 | D84: 02 | E84: 12 | F84: 0 | G84: 01 | J84: =J85 -> 114
A85: Оформление прав собственности на бесхозяйные объекты недвижимого имущества, используемые для передачи энергетических ресурсов | B85: 921 | C85: 05 | D85: 02 | E85: 12 | F85: 0 | G85: 01 | H85: S6140 | J85: =J86 -> 114
A86: =A80 -> Закупки товаров, работ и услуг для государственных (муниципальных) нужд | B86: 921 | C86: 05 | D86: 02 | E86: 12 | F86: 0 | G86: 01 | H86: S6140 | I86: 200 | J86: =J87 -> 114
A87: =A81 -> Иные закупка товаров, работ и услуг для обеспечения государственных (муниципальных) нужд | B87: 921 | C87: 05 | D87: 02 | E87: 12 | F87: 0 | G87: 01 | H87: S6140 | I87: 240 | J87: 114
A88: Благоустройство | B88: 921 | C88: 05 | D88: 03 | J88: =J89 -> 1992.9 | K88: =K89 -> 170 | L88: =L89 -> 170
A89: Муниципальная программа "Комплексного развития систем коммунальной инфраструктуры Пятинского сельского поселения Ромодановского муниципального района Республики Мордовия на 2018-2030 гг" | B89: 921 | C89: 05 | D89: 03 | E89: 10 | F89: 0 | J89: =J91 -> 1992.9 | K89: =K91 -> 170 | L89: =L91 -> 170
A90: Подпрограмма "Комплексного развития систем коммунальной инфраструктуры Пятинского сельского поселения Ромодановского муниципального района Республики Мордовия на 2018-2030 года" | B90: 921 | C90: 05 | D90: 03 | E90: 10 | F90: 1 | J90: =J91 -> 1992.9 | K90: =K91 -> 170 | L90: =L91 -> 170
A91: Основные мероприятия «Благоустройство территории в границах населенных пунктов поселения» | B91: 921 | C91: 05 | D91: 03 | E91: 10 | F91: 1 | G91: 00 | J91: =J92+J98+J95 -> 1992.9 | K91: =K92+K98 -> 170 | L91: =L92+L98 -> 170
A92: Уличное освещение | B92: 921 | C92: 05 | D92: 03 | E92: 10 | F92: 1 | G92: 08 | H92: 43010 | J92: =J93 -> 90 | K92: =K93 -> 80 | L92: =L93 -> 80
A93: Закупка товаров, работ и услуг для государственных (муниципальных) нужд | B93: 921 | C93: 05 | D93: 03 | E93: 10 | F93: 1 | G93: 08 | H93: 43010 | I93: 200 | J93: =J94 -> 90 | K93: =K94 -> 80 | L93: =L94 -> 80
A94: Иные закупки товаров, работ и услуг для обеспечения государственных (муниципальных) нужд | B94: 921 | C94: 05 | D94: 03 | E94: 10 | F94: 1 | G94: 08 | H94: 43010 | I94: 240 | J94: 90 | K94: 80 | L94: 80
A95: Организация и содержание мест захоронения | B95: 921 | C95: 05 | D95: 03 | E95: 10 | F95: 1 | G95: 07 | H95: 43030 | J95: =J96 -> 1209.1
A96: =A93 -> Закупка товаров, работ и услуг для государственных (муниципальных) нужд | B96: 921 | C96: 05 | D96: 03 | E96: 10 | F96: 1 | G96: 07 | H96: 43030 | I96: 200 | J96: 1209.1
A97: =A94 -> Иные закупки товаров, работ и услуг для обеспечения государственных (муниципальных) нужд | B97: 921 | C97: 05 | D97: 03 | E97: 10 | F97: 1 | G97: 07 | H97: 43030 | I97: 240 | J97: 1209.1
A98: Прочие мероприятия по благоустройству | B98: 921 | C98: 05 | D98: 03 | E98: 10 | F98: 1 | G98: 07 | H98: 43040 | J98: =J99 -> 693.8 | K98: =K99 -> 90 | L98: =L99 -> 90
A99: Закупка товаров, работ и услуг для государственных (муниципальных) нужд | B99: 921 | C99: 05 | D99: 03 | E99: 10 | F99: 1 | G99: 07 | H99: 43040 | I99: 200 | J99: =J100 -> 693.8 | K99: =K100 -> 90 | L99: =L100 -> 90
A100: Иные закупки товаров, работ и услуг для обеспечения государственных (муниципальных) нужд | B100: 921 | C100: 05 | D100: 03 | E100: 10 | F100: 1 | G100: 07 | H100: 43040 | I100: 240 | J100: 693.8 | K100: 90 | L100: 90
...

Sheet Приложение 3
H1: Приложение 3 к решению Совета депутатов Пятинского сельского поселения №69 от 07.11.2022г. "О внесении изменений в решение Совета депутатов Пятинского сельского поселения Ромодановского муниципального района Республики Мордовия от 30.12.2021г. №40 «О бюджете Пятинского сельского поселения Ромодановского муниципального района Республики Мордовия на 2022 год и на плановый период 2023 и 2024 годов»
A2: РАСПРЕДЕЛЕНИЕ БЮДЖЕТНЫХ АССИГНОВАНИЙ БЮДЖЕТА ПЯТИНСКОГО СЕЛЬСКОГО ПОСЕЛЕНИЯ РОМОДАНОВСКОГО МУНИЦИПАЛЬНОГО РАЙОНА РЕСПУБЛИКИ МОРДОВИЯ ПО РАЗДЕЛАМ, ПОДРАЗДЕЛАМ, ЦЕЛЕВЫМ СТАТЬЯМ (МУНИЦИПАЛЬНЫМ ПРОГРАММАМ И НЕПРОГРАММНЫМ НАПРАВЛЕНИЯМ ДЕЯТЕЛЬНОСТИ), ГРУППАМ И ПОДГРУППАМ ВИДОВ РАСХОДОВ КЛАССИФИКАЦИИ РАСХОДОВ БЮДЖЕТОВ НА 2022 ГОД И НА ПЛАНОВЫЙ ПЕРИОД 2023 И 2024 ГОДОВ
A3: Наименование | H3: (тыс. рублей)
B4: Рз | C4: Прз | D4: Цср | H4: Вр | I4: Сумма
A5: 1 | I5: 2022 год | J5: 2023 год | K5: 2024 год
B6: 2 | C6: 3 | D6: 4 | E6: 5 | F6: 6 | G6: 7 | H6: 8 | I6: 9 | J6: 10 | K6: 11
A7: ВСЕГО | I7: =I8+I49+I59+I73+I100+I81 -> 4951.8 | J7: =J8+J49+J59+J73+J100+J107 -> 1495.8 | K7: =K8+K49+K59+K73+K100+K107 -> 1529.2
A8: Общегосударственные вопросы | B8: 01 | I8: =I9+I18+I37+I43 -> 2159.2 | J8: =J9+J18+J37 -> 757.5 | K8: =K9+K18+K37 -> 751.2
A9: Функционирование высшего должностного лица субъекта Российской Федерации и муниципального образования | B9: 01 | C9: 02 | I9: =I10+I15 -> 509.9 | J9: =J10 -> 217 | K9: =K10 -> 210.7
A10: ='Приложение 2'!A11 -> Обеспечение деятельности администрации Пятинского сельского поселения Ромодановского муниципального района Республики Мордовия | B10: 01 | C10: 02 | D10: 65 | E10: 0 | I10: =I11 -> 449.3 | J10: =J11 -> 217 | K10: =K11 -> 210.7
A11: Высшее должностное лицо | B11: 01 | C11: 02 | D11: 65 | E11: 1 | I11: =I12 -> 449.3 | J11: =J12 -> 217 | K11: =K12 -> 210.7
A12: Расходы на выплаты по оплате труда высшего должностного лица | B12: 01 | C12: 02 | D12: 65 | E12: 1 | F12: 00 | G12: 41150 | I12: =I13 -> 449.3 | J12: =J13 -> 217 | K12: =K13 -> 210.7
A13: Расходы на выплаты персоналу в целях обеспечения выполнения функций государственными (муниципальными) органами, казенными учреждениями, органами управления государственными внебюджетными фондами | B13: 01 | C13: 02 | D13: 65 | E13: 1 | F13: 00 | G13: 41150 | H13: 100 | I13: =I14 -> 449.3 | J13: =J14 -> 217 | K13: =K14 -> 210.7
A14: Расходы на выплаты персоналу государственных (муниципальных) органов | B14: 01 | C14: 02 | D14: 65 | E14: 1 | F14: 00 | G14: 41150 | H14: 120 | I14: ='Приложение 2'!J15 -> 449.3 | J14: ='Приложение 2'!K15 -> 217 | K14: ='Приложение 2'!L15 -> 210.7
A15: ='Приложение 2'!A16 -> Субсидии на софинансирование расходных обязательств по финансовому обеспечению деятельности органов местного самоуправления и муниципальных учреждений | B15: 01 | C15: 02 | D15: 65 | E15: 1 | F15: 00 | G15: 44205 | I15: =I16 -> 60.6
A16: ='Приложение 2'!A17 -> Расходы на выплаты персоналу в целях обеспечения выполнения функций государственными (муниципальными) органами, казенными учреждениями, органами управления государственными внебюджетными фондами | B16: 01 | C16: 02 | D16: 65 | E16: 1 | F16: 00 | G16: 44205 | H16: 100 | I16: =I17 -> 60.6
A17: ='Приложение 2'!A18 -> Расходы на выплаты персоналу государственных (муниципальных) органов | B17: 01 | C17: 02 | D17: 65 | E17: 1 | F17: 00 | G17: 44205 | H17: 120 | I17: ='Приложение 2'!J18 -> 60.6
A18: Функционирование Правительства Российской Федерации, высших исполнительных органов государственной власти субъектов Российской Федерации, местных администраций | B18: 01 | C18: 04 | I18: =I19+I32+I24 -> 1624.3 | J18: =J19+J32 -> 535.5 | K18: =K19+K32 -> 535.5
A19: =A10 -> Обеспечение деятельности администрации Пятинского сельского поселения Ромодановского муниципального района Республики Мордовия | B19: 01 | C19: 04 | D19: 65 | E19: 0 | I19: =I20 -> 1564.7 | J19: =J20 -> 535.2 | K19: =K20 -> 535.2
A20: ='Приложение 2'!A21 -> Расходы в рамках обеспечения деятельности администрации Алтарского сельского поселения | B20: 01 | C20: 04 | D20: 65 | E20: 2 | I20: =I21+I27 -> 1564.7 | J20: =J21+J27 -> 535.2 | K20: =K21+K27 -> 535.2
A21: Расходы на выплаты по оплате труда работников органов местного самоуправления | B21: 01 | C21: 04 | D21: 65 | E21: 2 | F21: 00 | G21: 41110 | I21: =I22 -> 835.1 | J21: =J22 -> 420.2 | K21: =K22 -> 420.2
A22: Расходы на выплаты персоналу в целях обеспечения выполнения функций государственными (муниципальными) органами, казенными учреждениями, органами управления государственными внебюджетными фондами | B22: 01 | C22: 04 | D22: 65 | E22: 2 | F22: 00 | G22: 41110 | H22: 100 | I22: =I23 -> 835.1 | J22: =J23 -> 420.2 | K22: =K23 -> 420.2
A23: Расходы на выплаты персоналу государственных (муниципальных) органов | B23: 01 | C23: 04 | D23: 65 | E23: 2 | F23: 00 | G23: 41110 | H23: 120 | I23: ='Приложение 2'!J24 -> 835.1 | J23: ='Приложение 2'!K24 -> 420.2 | K23: ='Приложение 2'!L24 -> 420.2
A24: =A15 -> Субсидии на софинансирование расходных обязательств по финансовому обеспечению деятельности органов местного самоуправления и муниципальных учреждений | B24: 01 | C24: 04 | D24: 65 | E24: 2 | F24: 00 | G24: 44205 | I24: =I25 -> 59.3
A25: =A22 -> Расходы на выплаты персоналу в целях обеспечения выполнения функций государственными (муниципальными) органами, казенными учреждениями, органами управления государственными внебюджетными фондами | B25: 01 | C25: 04 | D25: 65 | E25: 2 | F25: 00 | G25: 44205 | H25: 100 | I25: =I26 -> 59.3
A26: =A23 -> Расходы на выплаты персоналу государственных (муниципальных) органов | B26: 01 | C26: 04 | D26: 65 | E26: 2 | F26: 00 | G26: 44205 | H26: 120 | I26: ='Приложение 2'!J26 -> 59.3
A27: Расходы на обеспечение функций органов местного самоуправления | B27: 01 | C27: 04 | D27: 65 | E27: 2 | F27: 00 | G27: 41120 | I27: =+I28+I30 -> 729.6 | J27: =+J28+J30 -> 115 | K27: =+K28+K30 -> 115
A28: Закупка товаров, работ и услуг для государственных (муниципальных) нужд | B28: 01 | C28: 04 | D28: 65 | E28: 2 | F28: 00 | G28: 41120 | H28: 200 | I28: =I29 -> 714.4 | J28: =J29 -> 100 | K28: =K29 -> 100
A29: Иные закупки товаров, работ и услуг для обеспечения государственных (муниципальных) нужд | B29: 01 | C29: 04 | D29: 65 | E29: 2 | F29: 00 | G29: 41120 | H29: 240 | I29: ='Приложение 2'!J30 -> 714.4 | J29: ='Приложение 2'!K30 -> 100 | K29: ='Приложение 2'!L30 -> 100
A30: Иные бюджетные ассигнования | B30: 01 | C30: 04 | D30: 65 | E30: 2 | F30: 00 | G30: 41120 | H30: 800 | I30: =I31 -> 15.2 | J30: =J31 -> 15 | K30: =K31 -> 15
A31: Уплата налогов, сборов и иных платежей | B31: 01 | C31: 04 | D31: 65 | E31: 2 | F31: 00 | G31: 41120 | H31: 850 | I31: ='Приложение 2'!J32 -> 15.2 | J31: ='Приложение 2'!K32 -> 15 | K31: ='Приложение 2'!L32 -> 15
A32: Непрограммные расходы главных распорядителей бюджетных средств Пятинского сельского поселения Ромодановского муниципального района Республики Мордовия | B32: 01 | C32: 04 | D32: 89 | E32: 0 | I32: =I33 -> 0.3 | J32: =J33 -> 0.3 | K32: =K33 -> 0.3
A33: Непрограммные расходы в рамках обеспечения деятельности главных распорядителей бюджетных средств Пятинского сельского поселения Ромодановского муниципального района Республики Мордовия | B33: 01 | C33: 04 | D33: 89 | E33: 1 | I33: =I34 -> 0.3 | J33: =J34 -> 0.3 | K33: =K34 -> 0.3
A34: Осуществление государственных полномочий Республики Мордовия по определению перечня должностных лиц, уполномоченных составлять протоколы об административных правонарушениях, предусмотренных Законом Республики Мордовия от 15 июня 2015 года № 38-З "Об административной ответственности на территории Республики Мордовия" | B34: 01 | C34: 04 | D34: 89 | E34: 1 | F34: 00 | G34: 77150 | I34: =I35 -> 0.3 | J34: =J35 -> 0.3 | K34: =K35 -> 0.3
A35: Закупка товаров, работ и услуг для государственных (муниципальных) нужд | B35: 01 | C35: 04 | D35: 89 | E35: 1 | F35: 00 | G35: 77150 | H35: 200 | I35: =I36 -> 0.3 | J35: =J36 -> 0.3 | K35: =K36 -> 0.3
A36: Иные закупки товаров, работ и услуг для обеспечения государственных (муниципальных) нужд | B36: 01 | C36: 04 | D36: 89 | E36: 1 | F36: 00 | G36: 77150 | H36: 240 | I36: ='Приложение 2'!J37 -> 0.3 | J36: ='Приложение 2'!K37 -> 0.3 | K36: ='Приложение 2'!L37 -> 0.3
A37: Резервные фонды | B37: 01 | C37: 11 | I37: =I38 -> 5 | J37: =J38 -> 5 | K37: =K38 -> 5
A38: Непрограммные расходы главных распорядителей бюджетных средств Пятинского сельского поселения Ромодановского муниципального района Республики Мордовия | B38: 01 | C38: 11 | D38: 89 | E38: 0 | I38: =I39 -> 5 | J38: =J39 -> 5 | K38: =K39 -> 5
A39: Непрограммные расходы в рамках обеспечения деятельности главных распорядителей бюджетных средств Пятинского сельского поселения Ромодановского муниципального района Республики Мордовия | B39: 01 | C39: 11 | D39: 89 | E39: 1 | I39: =I40 -> 5 | J39: =J40 -> 5 | K39: =K40 -> 5
A40: Резервный фонд Администрации Пятинского сельского поселения Ромодановского муниципального района Республики Мордовия | B40: 01 | C40: 11 | D40: 89 | E40: 1 | F40: 00 | G40: 41180 | I40: =I42 -> 5 | J40: =J42 -> 5 | K40: =K42 -> 5
A41: Иные бюджетные ассигнования | B41: 01 | C41: 11 | D41: 89 | E41: 1 | F41: 00 | G41: 41180 | H41: 800 | I41: =I42 -> 5 | J41: =J42 -> 5 | K41: =K42 -> 5
A42: Резервные средства | B42: 01 | C42: 11 | D42: 89 | E42: 1 | F42: 00 | G42: 41180 | H42: 870 | I42: ='Приложение 2'!J43 -> 5 | J42: ='Приложение 2'!K43 -> 5 | K42: ='Приложение 2'!L43 -> 5
A43: ='Приложение 2'!A44 -> Другие общегосударственные воросы | B43: 01 | C43: 13 | I43: =I44 -> 20
A44: ='Приложение 2'!A45 -> Непрограммные расходы главных распорядителей бюджетных средств Пятинского сельского поселения Ромодановского муниципального района Республики Мордовия | B44: 01 | C44: 13 | D44: 89 | E44: 0 | I44: =I45 -> 20
A45: ='Приложение 2'!A46 -> Непрограммные расходы в рамках обеспечения деятельности главных распорядителей бюджетных средств Пятинского сельского поселения Ромодановского муниципального района Республики Мордовия | B45: 01 | C45: 13 | D45: 89 | E45: 1 | I45: =I46 -> 20
A46: ='Приложение 2'!A47 -> Оценка недвижимости,признание прав и регулирование отношений по муниципальной собственности | B46: 01 | C46: 13 | D46: 89 | E46: 1 | F46: 00 | G46: 42200 | I46: =I47 -> 20
A47: ='Приложение 2'!A48 -> Закупка товаров, работ и услуг для государственных (муниципальных) нужд | B47: 01 | C47: 13 | D47: 89 | E47: 1 | F47: 00 | G47: 42200 | H47: 200 | I47: =I48 -> 20
A48: ='Приложение 2'!A49 -> Иные закупки товаров, работ и услуг для обеспечения государственных (муниципальных) нужд | B48: 01 | C48: 13 | D48: 89 | E48: 1 | F48: 00 | G48: 42200 | H48: 240 | I48: ='Приложение 2'!J49 -> 20
A49: Национальная оборона | B49: 02 | I49: =I50 -> 95.3 | J49: =J50 -> 92.8 | K49: =K50 -> 96
A50: Мобилизация и вневойсковая подготовка | B50: 02 | C50: 03 | I50: =I51 -> 95.3 | J50: =J51 -> 92.8 | K50: =K51 -> 96
A51: ='Приложение 2'!A52 -> Государственная программа повышения эффективности управления государственными финансами в Республике Мордовия | B51: 02 | C51: 03 | D51: 17 | E51: 0 | I51: =I52 -> 95.3 | J51: =J52 -> 92.8 | K51: =K52 -> 96
A52: Подпрограмма "Повышения эффективности межбюджетных отношений" | B52: 02 | C52: 03 | D52: 17 | E52: 3 | I52: =I53 -> 95.3 | J52: =J53 -> 92.8 | K52: =K53 -> 96
A53: ='Приложение 2'!A54 -> Основное мероприятие: "Обеспечение осуществления органами местного самоуправления отдельных государственных полномочий" | B53: 02 | C53: 03 | D53: 17 | E53: 3 | F53: 02 | I53: =I54 -> 95.3 | J53: =J54 -> 92.8 | K53: =K54 -> 96
A54: ='Приложение 2'!A55 -> Осуществление государственных полномочий Российской Федерации по первичному воинскому учету на территориях,где отсуствуют военные комиссариаты | B54: 02 | C54: 03 | D54: 17 | E54: 3 | F54: 02 | G54: 51180 | I54: =I57+I55 -> 95.3 | J54: =J57+J55 -> 92.8 | K54: =K57+K55 -> 96
A55: Расходы на выплаты персоналу в целях обеспечения выполнения функций государственными (муниципальными) органами, казенными учреждениями, органами управления государственными внебюджетными фондами | B55: 02 | C55: 03 | D55: 17 | E55: 3 | F55: 02 | G55: 51180 | H55: 100 | I55: =I56 -> 92.3 | J55: =J56 -> 87.8 | K55: =K56 -> 91
A56: Расходы на выплаты персоналу государственных (муниципальных) органов | B56: 02 | C56: 03 | D56: 17 | E56: 3 | F56: 02 | G56: 51180 | H56: 120 | I56: ='Приложение 2'!J57 -> 92.3 | J56: ='Приложение 2'!K57 -> 87.8 | K56: ='Приложение 2'!L57 -> 91
A57: Закупка товаров, работ и услуг для государственных (муниципальных) нужд | B57: 02 | C57: 03 | D57: 17 | E57: 3 | F57: 02 | G57: 51180 | H57: 200 | I57: =I58 -> 3 | J57: =J58 -> 5 | K57: =K58 -> 5
A58: Иные закупки товаров, работ и услуг для обеспечения государственных (муниципальных) нужд | B58: 02 | C58: 03 | D58: 17 | E58: 3 | F58: 02 | G58: 51180 | H58: 240 | I58: ='Приложение 2'!J59 -> 3 | J58: ='Приложение 2'!K59 -> 5 | K58: ='Приложение 2'!L59 -> 5
A59: Национальная экономика | B59: 04 | I59: =I60+I67 -> 396.5 | J59: =J60 -> 266.5 | K59: =K60 -> 266.5
A60: Дорожное хозяйство (дорожные фонды) | B60: 04 | C60: 09 | I60: =I61 -> 386.5 | J60: =J61 -> 266.5 | K60: =K61 -> 266.5
A61: ='Приложение 2'!A62 -> Муниципальная программа «Комплексное развитие транспортной инфраструктуры Пятинского сельского поселения Ромодановского муниципального района Республики Мордовия на 2018- 2030 года" | B61: 04 | C61: 09 | D61: 10 | E61: 0 | I61: =I63 -> 386.5 | J61: =J63 -> 266.5 | K61: =K63 -> 266.5
A62: ='Приложение 2'!A63 -> Подпрограмма "Комплексного развития транспортной инфраструктуры Пятинского сельского поселения Ромодановского муниципального района Республики Мордовия на 2018- 2030 года" | B62: 09 | C62: 09 | D62: 10 | E62: 1 | I62: =I63 -> 386.5 | J62: =J63 -> 266.5 | K62: =K63 -> 266.5
A63: ='Приложение 2'!A64 -> Основные мероприятия « Ремонт и содержание дорог в границах поселения, поддержание дорожного полотна в работоспособном состоянии» | B63: 04 | C63: 09 | D63: 10 | E63: 1 | F63: 02 | I63: =I64 -> 386.5 | J63: =J64 -> 266.5 | K63: =K64 -> 266.5
A64: осуществление полномочий по дорожной деятельности в отношении автомобильных дорог местного значения в границах населенных пунктов поселения и обеспечению безопасности дорожного движения на них, включая создание и обеспечение функционирования парковок (парковочных мест), осуществлению муниципального контроля за сохранностью автомобильных дорог местного значения в границах населенных пунктов поселения, организации дорожного движения, а также осуществлению иных полномочий в области использования автомобильных дорог и осуществления дорожной деятельности в соответствии с законодательством Российской Федерации | B64: 04 | C64: 09 | D64: 10 | E64: 1 | F64: 02 | G64: 44102 | I64: =I65 -> 386.5 | J64: =J65 -> 266.5 | K64: =K65 -> 266.5
A65: Закупка товаров, работ и услуг для государственных (муниципальных) нужд | B65: 04 | C65: 09 | D65: 10 | E65: 1 | F65: 02 | G65: 44102 | H65: 200 | I65: =I66 -> 386.5 | J65: =J66 -> 266.5 | K65: =K66 -> 266.5
A66: Иные закупки товаров, работ и услуг для обеспечения государственных (муниципальных) нужд | B66: 04 | C66: 09 | D66: 10 | E66: 1 | F66: 02 | G66: 44102 | H66: 240 | I66: ='Приложение 2'!J67 -> 386.5 | J66: ='Приложение 2'!K67 -> 266.5 | K66: ='Приложение 2'!L67 -> 266.5
A67: ='Приложение 2'!A68 -> Другие вопросы в области национальной экономикм | B67: 04 | C67: 12 | I67: =I68 -> 10
A68: ='Приложение 2'!A69 -> Непрограммные расходы главных распорядителей средств бюджета Пятинского сельского поселения Ромодановского муниципального района Республики Мордовия | B68: 04 | C68: 12 | D68: 89 | I68: =I69 -> 10
A69: ='Приложение 2'!A70 -> Непрограммные расходы в рамках обеспечения деятельности главных распорядителей средств бюджета Пятинского сельского поселения Ромодановского муниципального района Республики Мордовия | B69: 04 | C69: 12 | D69: 89 | E69: 1 | F69: 00 | I69: =I70 -> 10
A70: ='Приложение 2'!A71 -> Мероприятия по землеустройству и землепользованию | B70: 04 | C70: 12 | D70: 89 | E70: 1 | F70: 00 | G70: 42370 | I70: =I71 -> 10
A71: ='Приложение 2'!A72 -> Закупки товаров, работ и услуг для государственных (муниципальных) нужд | B71: 04 | C71: 12 | D71: 89 | E71: 1 | F71: 00 | G71: 42370 | H71: 200 | I71: =I72 -> 10
A72: ='Приложение 2'!A73 -> Иные закупка товаров, работ и услуг для обеспечения государственных (муниципальных) нужд | B72: 04 | C72: 12 | D72: 89 | E72: 1 | F72: 00 | G72: 42370 | H72: 240 | I72: ='Приложение 2'!J73 -> 10
A73: Жилищно-коммунальное хозяйство | B73: 05 | I73: =I87+I74 -> 2012.9 | J73: =J87 -> 170 | K73: =K87 -> 170
A74: ='Приложение 2'!A75 -> Жилищное хозяйство | B74: 05 | C74: 01 | I74: =I75 -> 20
A75: ='Приложение 2'!A76 -> Непрограммные расходы главных распорядителей средств бюджета Пятинского сельского поселения Ромодановского муниципального района Республики Мордовия | B75: 05 | C75: 01 | D75: 89 | E75: 0 | I75: =I76 -> 20
A76: ='Приложение 2'!A77 -> Непрограммные расходы в рамках обеспечения деятельности главных распорядителей средств бюджета Пятинского сельского поселения Ромодановского муниципального района Республики Мордовия | B76: 05 | C76: 01 | D76: 89 | E76: 1 | F76: 00 | I76: =I77 -> 20
A77: ='Приложение 2'!A78 -> Мероприятия по укреплению общественного порядка и обеспечению общественной безопастности | B77: 05 | C77: 01 | D77: 89 | E77: 1 | F77: 00 | G77: 42300 | I77: =I78 -> 20
A78: ='Приложение 2'!A79 -> Взнос на капитальный ремонт общего имущества в многоквартирном доме | B78: 05 | C78: 01 | D78: 89 | E78: 1 | F78: 00 | G78: 42360 | I78: =I79 -> 20
A79: ='Приложение 2'!A80 -> Закупки товаров, работ и услуг для государственных (муниципальных) нужд | B79: 05 | C79: 01 | D79: 89 | E79: 1 | F79: 00 | G79: 42360 | H79: 200 | I79: =I80 -> 20
A80: ='Приложение 2'!A81 -> Иные закупка товаров, работ и услуг для обеспечения государственных (муниципальных) нужд | B80: 05 | C80: 01 | D80: 89 | E80: 1 | F80: 00 | G80: 42360 | H80: 240 | I80: ='Приложение 2'!J81 -> 20
A81: ='Приложение 2'!A82 -> Коммунальное хозяйство | B81: 05 | C81: 02 | I81: =I82 -> 114
A82: ='Приложение 2'!A83 -> Муниципальная программа "Энергосбережение и повышение энергетической эффетивности в Ромодановсом муниципальном районе" | B82: 05 | C82: 02 | D82: 12 | E82: 0 | I82: =I83 -> 114
A83: ='Приложение 2'!A84 -> Основное мероприятие"Субсидирование оформления прав собственности на бесхозяйные объекты инженерной инфраструктуры" | B83: 05 | C83: 02 | D83: 12 | E83: 0 | F83: 01 | I83: =I84 -> 114
A84: ='Приложение 2'!A85 -> Оформление прав собственности на бесхозяйные объекты недвижимого имущества, используемые для передачи энергетических ресурсов | B84: 05 | C84: 02 | D84: 12 | E84: 0 | F84: 01 | G84: S6140 | I84: =I85 -> 114
A85: =A79 -> Закупки товаров, работ и услуг для государственных (муниципальных) нужд | B85: 05 | C85: 02 | D85: 12 | E85: 0 | F85: 01 | G85: S6140 | H85: 200 | I85: =I86 -> 114
A86: =A80 -> Иные закупка товаров, работ и услуг для обеспечения государственных (муниципальных) нужд | B86: 05 | C86: 02 | D86: 12 | E86: 01 | F86: 01 | G86: S6140 | H86: 240 | I86: ='Приложение 2'!J87 -> 114
A87: Благоустройство | B87: 05 | C87: 03 | I87: =I88 -> 1992.9 | J87: =J88 -> 170 | K87: =K88 -> 170
A88: ='Приложение 2'!A89 -> Муниципальная программа "Комплексного развития систем коммунальной инфраструктуры Пятинского сельского поселения Ромодановского муниципального района Республики Мордовия на 2018-2030 гг" | B88: 05 | C88: 03 | D88: 10 | E88: 0 | I88: =I90 -> 1992.9 | J88: =J90 -> 170 | K88: =K90 -> 170
A89: ='Приложение 2'!A90 -> Подпрограмма "Комплексного развития систем коммунальной инфраструктуры Пятинского сельского поселения Ромодановского муниципального района Республики Мордовия на 2018-2030 года" | B89: 05 | C89: 03 | D89: 10 | E89: 1 | I89: =I90 -> 1992.9 | J89: =J90 -> 170 | K89: =K90 -> 170
A90: ='Приложение 2'!A91 -> Основные мероприятия «Благоустройство территории в границах населенных пунктов поселения» | B90: 05 | C90: 03 | D90: 10 | E90: 1 | F90: 01 | I90: =I91+I97+I94 -> 1992.9 | J90: =J91+J97 -> 170 | K90: =K91+K97 -> 170
A91: Уличное освещение | B91: 05 | C91: 03 | D91: 10 | E91: 1 | F91: 01 | G91: 43010 | I91: =I92 -> 90 | J91: =J92 -> 80 | K91: =K92 -> 80
A92: Закупка товаров, работ и услуг для государственных (муниципальных) нужд | B92: 05 | C92: 03 | D92: 10 | E92: 1 | F92: 01 | G92: 43010 | H92: 200 | I92: =I93 -> 90 | J92: =J93 -> 80 | K92: =K93 -> 80
A93: Иные закупки товаров, работ и услуг для обеспечения государственных (муниципальных) нужд | B93: 05 | C93: 03 | D93: 10 | E93: 1 | F93: 01 | G93: 43010 | H93: 240 | I93: ='Приложение 2'!J94 -> 90 | J93: ='Приложение 2'!K94 -> 80 | K93: ='Приложение 2'!L94 -> 80
A94: ='Приложение 2'!A95 -> Организация и содержание мест захоронения | B94: 05 | C94: 03 | D94: 10 | E94: 1 | F94: 01 | G94: 43030 | I94: =I95 -> 1209.1
A95: ='Приложение 2'!A96 -> Закупка товаров, работ и услуг для государственных (муниципальных) нужд | B95: 05 | C95: 03 | D95: 10 | E95: 1 | F95: 01 | G95: 43030 | H95: 200 | I95: =I96 -> 1209.1
A96: ='Приложение 2'!A97 -> Иные закупки товаров, работ и услуг для обеспечения государственных (муниципальных) нужд | B96: 05 | C96: 03 | D96: 10 | E96: 1 | F96: 01 | G96: 43030 | H96: 240 | I96: ='Приложение 2'!J97 -> 1209.1
A97: Прочие мероприятия по благоустройству | B97: 05 | C97: 03 | D97: 10 | E97: 1 | F97: 01 | G97: 43040 | I97: =I98 -> 693.8 | J97: =J98 -> 90 | K97: =K98 -> 90
A98: Закупка товаров, работ и услуг для государственных (муниципальных) нужд | B98: 05 | C98: 03 | D98: 10 | E98: 1 | F98: 01 | G98: 43040 | H98: 200 | I98: =I99 -> 693.8 | J98: =J99 -> 90 | K98: =K99 -> 90
A99: Иные закупки товаров, работ и услуг для обеспечения государственных (муниципальных) нужд | B99: 05 | C99: 03 | D99: 10 | E99: 1 | F99: 01 | G99: 43040 | H99: 240 | I99: ='Приложение 2'!J100 -> 693.8 | J99: ='Приложение 2'!K100 -> 90 | K99: ='Приложение 2'!L100 -> 90
A100: Социальная политика | B100: 10 | I100: =I101 -> 173.9 | J100: =J101 -> 173.9 | K100: =K101 -> 173.9
...

Sheet Приложение 4
I1: Приложение 4 к решению Совета депутатов Пятинского сельского поселения №69 от 07.11.2022г. "О внесении изменений в решение Совета депутатов Пятинского сельского поселения Ромодановского муниципального района Республики Мордовия от 30.12.2021г. №40 «О бюджете Пятинского сельского поселения Ромодановского муниципального района Республики Мордовия на 2022 год и на плановый период 2023 и 2024 годов»
A2: РАСПРЕДЕЛЕНИЕ БЮДЖЕТНЫХ АССИГНОВАНИЙ БЮДЖЕТА ПЯТИНСКОГО СЕЛЬСКОГО ПОСЕЛЕНИЯ РОМОДАНОВСКОГО МУНИЦИПАЛЬНОГО РАЙОНА РЕСПУБЛИКИ МОРДОВИЯ ПО ЦЕЛЕВЫМ СТАТЬЯМ (МУНИЦИПАЛЬНЫМ ПРОГРАММАМ И НЕПРОГРАММНЫМ НАПРАВЛЕНИЯМ ДЕЯТЕЛЬНОСТИ), ГРУППАМ И ПОДГРУППАМ ВИДОВ РАСХОДОВ, РАЗДЕЛАМ И ПОДРАЗДЕЛАМ КЛАССИФИКАЦИИ РАСХОДОВ БЮДЖЕТОВ НА 2022 ГОД И НА ПЛАНОВЫЙ ПЕРИОД 2023 И 2024 ГОДОВ
I3: (тыс. рублей)
A4: Наименование | B4: Цср | F4: ВР | G4: Рз | H4: Прз | I4: Адм | J4: Сумма
J5: 2022 год | K5: 2023 год | L5: 2024 год
A6: 1 | B6: 2 | C6: 3 | D6: 4 | E6: 5 | F6: 6 | G6: 7 | H6: 8 | I6: 9 | J6: 10 | K6: 11 | L6: 12
A7: ВСЕГО | J7: =J8+J19+J46+J60+J93+J103+J130+J38 -> 4951.8 | K7: =K8+K19+K46+K60+K93+K136+K105+K111+K68 -> 1495.8 | L7: =L8+L19+L46+L60+L93+L136+L105+L111+L68 -> 1529.2
A8: ='Приложение 2'!A62 -> Муниципальная программа «Комплексное развитие транспортной инфраструктуры Пятинского сельского поселения Ромодановского муниципального района Республики Мордовия на 2018- 2030 года" | B8: 10 | C8: 0 | J8: =J10 -> 386.5 | K8: =K10 -> 266.5 | L8: =L10 -> 266.5
A9: ='Приложение 2'!A63 -> Подпрограмма "Комплексного развития транспортной инфраструктуры Пятинского сельского поселения Ромодановского муниципального района Республики Мордовия на 2018- 2030 года" | B9: 10 | C9: 1 | J9: =J10 -> 386.5 | K9: =K10 -> 266.5 | L9: =L10 -> 266.5
A10: ='Приложение 2'!A64 -> Основные мероприятия « Ремонт и содержание дорог в границах поселения, поддержание дорожного полотна в работоспособном состоянии» | B10: 10 | C10: 1 | D10: 02 | J10: =J11 -> 386.5 | K10: =K11 -> 266.5 | L10: =L11 -> 266.5
A11: осуществление полномочий по дорожной деятельности в отношении автомобильных дорог местного значения в границах населенных пунктов поселения и обеспечению безопасности дорожного движения на них, включая создание и обеспечение функционирования парковок (парковочных мест), осуществлению муниципального контроля за сохранностью автомобильных дорог местного значения в границах населенных пунктов поселения, организации дорожного движения, а также осуществлению иных полномочий в области использования автомобильных дорог и осуществления дорожной деятельности в соответствии с законодательством Российской Федерации | B11: 10 | C11: 1 | D11: 02 | E11: 44102 | J11: =J12 -> 386.5 | K11: =K12 -> 266.5 | L11: =L12 -> 266.5
A12: Закупка товаров, работ и услуг для государственных (муниципальных) нужд | B12: 10 | C12: 1 | D12: 02 | E12: 44102 | F12: 200 | J12: =J13 -> 386.5 | K12: =K13 -> 266.5 | L12: =L13 -> 266.5
A13: Иные закупки товаров, работ и услуг для обеспечения государственных (муниципальных) нужд | B13: 10 | C13: 1 | D13: 02 | E13: 44102 | F13: 240 | J13: =J14 -> 386.5 | K13: =K14 -> 266.5 | L13: =L14 -> 266.5
A14: Национальная экономика | B14: 10 | C14: 1 | D14: 02 | E14: 44102 | F14: 240 | G14: 04 | J14: =J15 -> 386.5 | K14: =K15 -> 266.5 | L14: =L15 -> 266.5
A15: Дорожное хозяйство | B15: 10 | C15: 1 | D15: 02 | E15: 44102 | F15: 240 | G15: 04 | H15: 09 | J15: =J16 -> 386.5 | K15: =K16 -> 266.5 | L15: =L16 -> 266.5
A16: Администрация Пятинского сельского поселения Ромодановского муниципального района Республики Мордовия | B16: 10 | C16: 1 | D16: 02 | E16: 44102 | F16: 240 | G16: 04 | H16: 09 | I16: 921 | J16: ='Приложение 2'!J67 -> 386.5 | K16: ='Приложение 2'!K67 -> 266.5 | L16: ='Приложение 2'!L67 -> 266.5
A17: ='Приложение 2'!A89 -> Муниципальная программа "Комплексного развития систем коммунальной инфраструктуры Пятинского сельского поселения Ромодановского муниципального района Республики Мордовия на 2018-2030 гг" | B17: 10 | C17: 0 | J17: =J19 -> 1992.9 | K17: =K19 -> 170 | L17: =L19 -> 170
A18: ='Приложение 2'!A90 -> Подпрограмма "Комплексного развития систем коммунальной инфраструктуры Пятинского сельского поселения Ромодановского муниципального района Республики Мордовия на 2018-2030 года" | B18: 10 | C18: 1 | J18: =J19 -> 1992.9 | K18: =K19 -> 170 | L18: =L19 -> 170
A19: ='Приложение 2'!A91 -> Основные мероприятия «Благоустройство территории в границах населенных пунктов поселения» | B19: 10 | C19: 1 | D19: 00 | J19: =J20+J32+J26 -> 1992.9 | K19: =K20+K32 -> 170 | L19: =L20+L32 -> 170
A20: Уличное освещение | B20: 10 | C20: 1 | D20: 08 | E20: 43010 | J20: =J21 -> 90 | K20: =K21 -> 80 | L20: =L21 -> 80
A21: Закупка товаров, работ и услуг для государственных (муниципальных) нужд | B21: 10 | C21: 1 | D21: 08 | E21: 43010 | F21: 200 | J21: =J22 -> 90 | K21: =K22 -> 80 | L21: =L22 -> 80
A22: Иные закупки товаров, работ и услуг для обеспечения государственных (муниципальных) нужд | B22: 10 | C22: 1 | D22: 08 | E22: 43010 | F22: 240 | J22: =J23 -> 90 | K22: =K23 -> 80 | L22: =L23 -> 80
A23: Жилищно-коммунальное хозяйство | B23: 10 | C23: 1 | D23: 08 | E23: 43010 | F23: 240 | G23: 05 | J23: =J24 -> 90 | K23: =K24 -> 80 | L23: =L24 -> 80
A24: Благоустройство | B24: 10 | C24: 1 | D24: 08 | E24: 43010 | F24: 240 | G24: 05 | H24: 03 | J24: =J25 -> 90 | K24: =K25 -> 80 | L24: =L25 -> 80
A25: Администрация Пятинского сельского поселения Ромодановского муниципального района Республики Мордовия | B25: 10 | C25: 1 | D25: 08 | E25: 43010 | F25: 240 | G25: 05 | H25: 03 | I25: 921 | J25: ='Приложение 2'!J94 -> 90 | K25: ='Приложение 2'!K94 -> 80 | L25: ='Приложение 2'!L94 -> 80
A26: ='Приложение 2'!A95 -> Организация и содержание мест захоронения | B26: 10 | C26: 1 | D26: 07 | E26: 43030 | J26: =J27 -> 1209.1
A27: =A21 -> Закупка товаров, работ и услуг для государственных (муниципальных) нужд | B27: 10 | C27: 1 | D27: 07 | E27: 43030 | F27: 200 | J27: =J28 -> 1209.1
A28: =A22 -> Иные закупки товаров, работ и услуг для обеспечения государственных (муниципальных) нужд | B28: 10 | C28: 1 | D28: 07 | E28: 43030 | F28: 240 | J28: =J29 -> 1209.1
A29: =A23 -> Жилищно-коммунальное хозяйство | B29: 10 | C29: 1 | D29: 07 | E29: 43030 | F29: 240 | G29: 05 | J29: =J30 -> 1209.1
A30: =A24 -> Благоустройство | B30: 10 | C30: 1 | D30: 07 | E30: 43030 | F30: 240 | G30: 05 | H30: 03 | J30: =J31 -> 1209.1
A31: =A25 -> Администрация Пятинского сельского поселения Ромодановского муниципального района Республики Мордовия | B31: 10 | C31: 1 | D31: 07 | E31: 43030 | F31: 240 | G31: 05 | H31: 03 | I31: 921 | J31: ='Приложение 2'!J97 -> 1209.1
A32: Прочие мероприятия по благоустройству | B32: 10 | C32: 1 | D32: 07 | E32: 43040 | J32: =J33 -> 693.8 | K32: =K33 -> 90 | L32: =L33 -> 90
A33: Закупка товаров, работ и услуг для государственных (муниципальных) нужд | B33: 10 | C33: 1 | D33: 07 | E33: 43040 | F33: 200 | J33: =J34 -> 693.8 | K33: =K34 -> 90 | L33: =L34 -> 90
A34: Иные закупки товаров, работ и услуг для обеспечения государственных (муниципальных) нужд | B34: 10 | C34: 1 | D34: 07 | E34: 43040 | F34: 240 | J34: =J35 -> 693.8 | K34: =K35 -> 90 | L34: =L35 -> 90
A35: Жилищно-коммунальное хозяйство | B35: 10 | C35: 1 | D35: 07 | E35: 43040 | F35: 240 | G35: 05 | J35: =J36 -> 693.8 | K35: =K36 -> 90 | L35: =L36 -> 90
A36: Благоустройство | B36: 10 | C36: 1 | D36: 07 | E36: 43040 | F36: 240 | G36: 05 | H36: 03 | J36: =J37 -> 693.8 | K36: =K37 -> 90 | L36: =L37 -> 90
A37: Администрация Пятинского сельского поселения Ромодановского муниципального района Республики Мордовия | B37: 10 | C37: 1 | D37: 07 | E37: 43040 | F37: 240 | G37: 05 | H37: 03 | I37: 921 | J37: ='Приложение 2'!J100 -> 693.8 | K37: ='Приложение 2'!K100 -> 90 | L37: ='Приложение 2'!L100 -> 90
A38: ='Приложение 2'!A83 -> Муниципальная программа "Энергосбережение и повышение энергетической эффетивности в Ромодановсом муниципальном районе" | B38: 12 | C38: 0 | J38: =J39 -> 114
A39: ='Приложение 2'!A84 -> Основное мероприятие"Субсидирование оформления прав собственности на бесхозяйные объекты инженерной инфраструктуры" | B39: 12 | C39: 0 | D39: 01 | J39: =J40 -> 114
A40: ='Приложение 2'!A85 -> Оформление прав собственности на бесхозяйные объекты недвижимого имущества, используемые для передачи энергетических ресурсов | B40: 12 | C40: 0 | D40: 01 | E40: S6140 | J40: =J41 -> 114
A41: ='Приложение 2'!A80 -> Закупки товаров, работ и услуг для государственных (муниципальных) нужд | B41: 12 | C41: 0 | D41: 01 | E41: S6140 | F41: 200 | J41: =J42 -> 114
A42: ='Приложение 2'!A81 -> Иные закупка товаров, работ и услуг для обеспечения государственных (муниципальных) нужд | B42: 12 | C42: 0 | D42: 01 | E42: S6140 | F42: 240 | J42: =J43 -> 114
A43: ='Приложение 2'!A74 -> Жилищно-коммунальное хозяйство | B43: 12 | C43: 0 | D43: 01 | E43: S6140 | F43: 240 | G43: 05 | J43: =J44 -> 114
A44: ='Приложение 2'!A82 -> Коммунальное хозяйство | B44: 12 | C44: 0 | D44: 01 | E44: S6140 | F44: 240 | G44: 05 | H44: 02 | J44: =J45 -> 114
A45: =A37 -> Администрация Пятинского сельского поселения Ромодановского муниципального района Республики Мордовия | B45: 12 | C45: 0 | D45: 01 | E45: S6140 | F45: 240 | G45: 05 | H45: 02 | I45: 921 | J45: ='Приложение 2'!J87 -> 114
A46: ='Приложение 2'!A52 -> Государственная программа повышения эффективности управления государственными финансами в Республике Мордовия | B46: 17 | C46: 0 | J46: =J47 -> 95.3 | K46: =K47 -> 92.8 | L46: =L47 -> 96
A47: Подпрограмма "Повышения эффективности межбюджетных отношений" | B47: 17 | C47: 3 | J47: =J48 -> 95.3 | K47: =K48 -> 92.8 | L47: =L48 -> 96
A48: Основное мероприятие: "Обеспечение осуществления органами местного самоуправления отдельных государственных полномочий" | B48: 17 | C48: 3 | D48: 02 | J48: =J49 -> 95.3 | K48: =K49 -> 92.8 | L48: =L49 -> 96
A49: ='Приложение 2'!A55 -> Осуществление государственных полномочий Российской Федерации по первичному воинскому учету на территориях,где отсуствуют военные комиссариаты | B49: 17 | C49: 3 | D49: 02 | E49: 51180 | J49: =J55+J50 -> 95.3 | K49: =K55+K50 -> 92.8 | L49: =L55+L50 -> 96
A50: Расходы на выплаты персоналу в целях обеспечения выполнения функций государственными (муниципальными) органами, казенными учреждениями, органами управления государственными внебюджетными фондами | B50: 17 | C50: 3 | D50: 02 | E50: 51180 | F50: 100 | J50: =J51 -> 92.3 | K50: =K51 -> 87.8 | L50: =L51 -> 91
A51: Расходы на выплаты персоналу государственных (муниципальных) органов | B51: 17 | C51: 3 | D51: 02 | E51: 51180 | F51: 120 | J51: =J52 -> 92.3 | K51: =K52 -> 87.8 | L51: =L52 -> 91
A52: Национальная оборона | B52: 17 | C52: 3 | D52: 02 | E52: 51180 | F52: 120 | G52: 02 | J52: =J53 -> 92.3 | K52: =K53 -> 87.8 | L52: =L53 -> 91
A53: Мобилизация и вневойсковая подготовка | B53: 17 | C53: 3 | D53: 02 | E53: 51180 | F53: 120 | G53: 02 | H53: 03 | J53: =J54 -> 92.3 | K53: =K54 -> 87.8 | L53: =L54 -> 91
A54: Администрация Пятинского сельского поселения Ромодановского муниципального района Республики Мордовия | B54: 17 | C54: 3 | D54: 02 | E54: 51180 | F54: 120 | G54: 02 | H54: 03 | I54: 921 | J54: ='Приложение 2'!J57 -> 92.3 | K54: ='Приложение 2'!K57 -> 87.8 | L54: ='Приложение 2'!L57 -> 91
A55: Закупка товаров, работ и услуг для государственных (муниципальных) нужд | B55: 17 | C55: 3 | D55: 02 | E55: 51180 | F55: 200 | J55: =J56 -> 3 | K55: =K56 -> 5 | L55: =L56 -> 5
A56: Иные закупки товаров, работ и услуг для обеспечения государственных (муниципальных) нужд | B56: 17 | C56: 3 | D56: 02 | E56: 51180 | F56: 240 | J56: =J57 -> 3 | K56: =K57 -> 5 | L56: =L57 -> 5
A57: Национальная оборона | B57: 17 | C57: 3 | D57: 02 | E57: 51180 | F57: 240 | G57: 02 | J57: =J58 -> 3 | K57: =K58 -> 5 | L57: =L58 -> 5
A58: Мобилизация и вневойсковая подготовка | B58: 17 | C58: 3 | D58: 02 | E58: 51180 | F58: 240 | G58: 02 | H58: 03 | J58: =J59 -> 3 | K58: =K59 -> 5 | L58: =L59 -> 5
A59: Администрация Пятинского сельского поселения Ромодановского муниципального района Республики Мордовия | B59: 17 | C59: 3 | D59: 02 | E59: 51180 | F59: 240 | G59: 02 | H59: 03 | I59: 921 | J59: ='Приложение 2'!J59 -> 3 | K59: ='Приложение 2'!K59 -> 5 | L59: ='Приложение 2'!L59 -> 5
A60: ='Приложение 2'!A11 -> Обеспечение деятельности администрации Пятинского сельского поселения Ромодановского муниципального района Республики Мордовия | B60: 65 | C60: 0 | J60: =J61+J80 -> 1404.3 | K60: =K61+K80 -> 637.2 | L60: =L61+L80 -> 630.9
A61: Высшее должностное лицо | B61: 65 | C61: 1 | J61: =J62 -> 509.9 | K61: =K62 -> 217 | L61: =L62 -> 210.7
A62: Расходы на выплаты по оплате труда высшего должностного лица | B62: 65 | C62: 1 | D62: 00 | E62: 41150 | J62: =J63+J74 -> 509.9 | K62: =K63 -> 217 | L62: =L63 -> 210.7
A63: Расходы на выплаты персоналу в целях обеспечения выполнения функций государственными (муниципальными) органами, казенными учреждениями, органами управления государственными внебюджетными фондами | B63: 65 | C63: 1 | D63: 00 | E63: 41150 | F63: 100 | J63: =J64 -> 449.3 | K63: =K64 -> 217 | L63: =L64 -> 210.7
A64: Расходы на выплаты персоналу государственных (муниципальных) органов | B64: 65 | C64: 1 | D64: 00 | E64: 41150 | F64: 120 | J64: =J65 -> 449.3 | K64: =K65 -> 217 | L64: =L65 -> 210.7
A65: Общегосударственные вопросы | B65: 65 | C65: 1 | D65: 00 | E65: 41150 | F65: 120 | G65: 01 | J65: =J66 -> 449.3 | K65: =K66 -> 217 | L65: =L66 -> 210.7
A66: Функционирование высшего должностного лица субъекта Российской Федерации и муниципального образования | B66: 65 | C66: 1 | D66: 00 | E66: 41150 | F66: 120 | G66: 01 | H66: 02 | J66: =J67 -> 449.3 | K66: =K67 -> 217 | L66: =L67 -> 210.7
A67: Администрация Пятинского сельского поселения Ромодановского муниципального района Республики Мордовия | B67: 65 | C67: 1 | D67: 00 | E67: 41150 | F67: 120 | G67: 01 | H67: 02 | I67: 921 | J67: ='Приложение 2'!J15 -> 449.3 | K67: ='Приложение 2'!K15 -> 217 | L67: ='Приложение 2'!L15 -> 210.7
A68: ='Приложение 3'!A111 -> Условно утвержденные расходы | B68: 65 | C68: 1 | D68: 00 | E68: 41990 | K68: =K69 -> 35.1 | L68: =L69 -> 71.6
A69: ='Приложение 3'!A112 -> Иные бюджетные ассигнования | B69: 65 | C69: 1 | D69: 00 | E69: 41990 | F69: 800 | K69: =K70 -> 35.1 | L69: =L70 -> 71.6
A70: ='Приложение 3'!A113 -> Резервные средства | B70: 65 | C70: 1 | D70: 00 | E70: 41990 | F70: 870 | K70: =K71 -> 35.1 | L70: =L71 -> 71.6
A71: ='Приложение 3'!A107 -> Условно утвержденные расходы | B71: 65 | C71: 1 | D71: 00 | E71: 41990 | F71: 870 | G71: 99 | K71: =K72 -> 35.1 | L71: =L72 -> 71.6
A72: ='Приложение 3'!A108 -> Условно утвержденные расходы | B72: 65 | C72: 1 | D72: 00 | E72: 41990 | F72: 870 | G72: 99 | H72: 99 | K72: =K73 -> 35.1 | L72: =L73 -> 71.6
A73: Администрация Пятинского сельского поселения Ромодановского муниципального района Республики Мордовия | B73: 65 | C73: 1 | D73: 00 | E73: 41990 | F73: 870 | G73: 99 | H73: 99 | I73: 921 | K73: ='Приложение 3'!J113 -> 35.1 | L73: ='Приложение 3'!K113 -> 71.6
A74: ='Приложение 2'!A16 -> Субсидии на софинансирование расходных обязательств по финансовому обеспечению деятельности органов местного самоуправления и муниципальных учреждений | B74: 65 | C74: 1 | D74: 00 | E74: 44205 | J74: =J75 -> 60.6
A75: ='Приложение 2'!A14 -> Расходы на выплаты персоналу в целях обеспечения выполнения функций государственными (муниципальными) органами, казенными учреждениями, органами управления государственными внебюджетными фондами | B75: 65 | C75: 1 | D75: 00 | E75: 44205 | F75: 100 | J75: =J76 -> 60.6
A76: ='Приложение 2'!A15 -> Расходы на выплаты персоналу государственных (муниципальных) органов | B76: 65 | C76: 1 | D76: 00 | E76: 44205 | F76: 120 | J76: =J77 -> 60.6
A77: =A65 -> Общегосударственные вопросы | B77: 65 | C77: 1 | D77: 00 | E77: 44205 | F77: 120 | G77: 01 | J77: =J78 -> 60.6
A78: =A66 -> Функционирование высшего должностного лица субъекта Российской Федерации и муниципального образования | B78: 65 | C78: 1 | D78: 00 | E78: 44205 | F78: 120 | G78: 01 | H78: 02 | J78: =J79 -> 60.6
A79: =A73 -> Администрация Пятинского сельского поселения Ромодановского муниципального района Республики Мордовия | B79: 65 | C79: 1 | D79: 00 | E79: 44205 | F79: 120 | G79: 01 | H79: 02 | I79: 921 | J79: ='Приложение 2'!J18 -> 60.6
A80: ='Приложение 2'!A21 -> Расходы в рамках обеспечения деятельности администрации Алтарского сельского поселения | B80: 65 | C80: 2 | J80: =J81+J87 -> 894.4 | K80: =K81 -> 420.2 | L80: =L81 -> 420.2
A81: Расходы на выплаты по оплате труда работников органов местного самоуправления | B81: 65 | C81: 2 | D81: 00 | E81: 41110 | J81: =J82 -> 835.1 | K81: =K82 -> 420.2 | L81: =L82 -> 420.2
A82: Расходы на выплаты персоналу в целях обеспечения выполнения функций государственными (муниципальными) органами, казенными учреждениями, органами управления государственными внебюджетными фондами | B82: 65 | C82: 2 | D82: 00 | E82: 41110 | F82: 100 | J82: =J83 -> 835.1 | K82: =K83 -> 420.2 | L82: =L83 -> 420.2
A83: Расходы на выплаты персоналу государственных (муниципальных) органов | B83: 65 | C83: 2 | D83: 00 | E83: 41110 | F83: 120 | J83: =J84 -> 835.1 | K83: =K84 -> 420.2 | L83: =L84 -> 420.2
A84: Общегосударственные вопросы | B84: 65 | C84: 2 | D84: 00 | E84: 41110 | F84: 120 | G84: 01 | J84: =J85 -> 835.1 | K84: =K85 -> 420.2 | L84: =L85 -> 420.2
A85: Функционирование Правительства Российской Федерации, высших исполнительных органов государственной власти субъектов Российской Федерации, местных администраций | B85: 65 | C85: 2 | D85: 00 | E85: 41110 | F85: 120 | G85: 01 | H85: 04 | J85: =J86 -> 835.1 | K85: =K86 -> 420.2 | L85: =L86 -> 420.2
A86: Администрация Пятинского сельского поселения Ромодановского муниципального района Республики Мордовия | B86: 65 | C86: 2 | D86: 00 | E86: 41110 | F86: 120 | G86: 01 | H86: 04 | I86: 921 | J86: ='Приложение 2'!J24 -> 835.1 | K86: ='Приложение 2'!K24 -> 420.2 | L86: ='Приложение 2'!L24 -> 420.2
A87: ='Приложение 2'!A16 -> Субсидии на софинансирование расходных обязательств по финансовому обеспечению деятельности органов местного самоуправления и муниципальных учреждений | B87: 65 | C87: 2 | D87: 00 | E87: 44205 | J87: =J88 -> 59.3
A88: ='Приложение 2'!A17 -> Расходы на выплаты персоналу в целях обеспечения выполнения функций государственными (муниципальными) органами, казенными учреждениями, органами управления государственными внебюджетными фондами | B88: 65 | C88: 2 | D88: 00 | E88: 44205 | F88: 100 | J88: =J89 -> 59.3
A89: ='Приложение 2'!A18 -> Расходы на выплаты персоналу государственных (муниципальных) органов | B89: 65 | C89: 2 | D89: 00 | E89: 44205 | F89: 120 | J89: =J90 -> 59.3
A90: =A84 -> Общегосударственные вопросы | B90: 65 | C90: 2 | D90: 00 | E90: 44205 | F90: 120 | G90: 01 | J90: =J91 -> 59.3
A91: =A85 -> Функционирование Правительства Российской Федерации, высших исполнительных органов государственной власти субъектов Российской Федерации, местных администраций | B91: 65 | C91: 2 | D91: 00 | E91: 44205 | F91: 120 | G91: 01 | H91: 04 | J91: =J92 -> 59.3
A92: =A86 -> Администрация Пятинского сельского поселения Ромодановского муниципального района Республики Мордовия | B92: 65 | C92: 2 | D92: 00 | E92: 44205 | F92: 120 | G92: 01 | H92: 04 | I92: 921 | J92: ='Приложение 2'!J27 -> 59.3
A93: Закупка товаров, работ и услуг для государственных (муниципальных) нужд | B93: 65 | C93: 2 | D93: 00 | E93: 41120 | F93: 200 | J93: =J94+J98 -> 729.6 | K93: =K94+K98 -> 115 | L93: =L94+L98 -> 115
A94: Иные закупки товаров, работ и услуг для обеспечения государственных (муниципальных) нужд | B94: 65 | C94: 2 | D94: 00 | E94: 41120 | F94: 240 | J94: =J95 -> 714.4 | K94: =K95 -> 100 | L94: =L95 -> 100
A95: Общегосударственные вопросы | B95: 65 | C95: 2 | D95: 00 | E95: 41120 | F95: 240 | G95: 01 | J95: =J96 -> 714.4 | K95: =K96 -> 100 | L95: =L96 -> 100
A96: Функционирование Правительства Российской Федерации, высших исполнительных органов государственной власти субъектов Российской Федерации, местных администраций | B96: 65 | C96: 2 | D96: 00 | E96: 41120 | F96: 240 | G96: 01 | H96: 04 | J96: =J97 -> 714.4 | K96: =K97 -> 100 | L96: =L97 -> 100
A97: Администрация Пятинского сельского поселения Ромодановского муниципального района Республики Мордовия | B97: 65 | C97: 2 | D97: 00 | E97: 41120 | F97: 240 | G97: 01 | H97: 04 | I97: 921 | J97: ='Приложение 2'!J30 -> 714.4 | K97: ='Приложение 2'!K30 -> 100 | L97: ='Приложение 2'!L30 -> 100
A98: Иные бюджетные ассигнования | B98: 65 | C98: 2 | D98: 00 | E98: 41120 | F98: 800 | J98: =J99 -> 15.2 | K98: =K99 -> 15 | L98: =L99 -> 15
A99: Уплата налогов, сборов и иных платежей | B99: 65 | C99: 2 | D99: 00 | E99: 41120 | F99: 850 | J99: =J100 -> 15.2 | K99: =K100 -> 15 | L99: =L100 -> 15
A100: Общегосударственные вопросы | B100: 65 | C100: 2 | D100: 00 | E100: 41120 | F100: 850 | G100: 01 | J100: =J101 -> 15.2 | K100: =K101 -> 15 | L100: =L101 -> 15
...

Sheet прил 5
C1: Приложение 5
C2: к решению Совета депутатов Пятинского сельского поселения №69 от 07.11.2022г. "О внесении изменений в решение Совета депутатов Пятинского сельского поселения Ромодановского муниципального района Республики Мордовия от 30.12.2021г. №40 «О бюджете Пятинского сельского поселения Ромодановского муниципального района Республики Мордовия на 2022 год и на плановый период 2023 и 2024 годов»
A3: ИСТОЧНИКИ ВНУТРЕННЕГО ФИНАНСИРОВАНИЯ ДЕФИЦИТА БЮДЖЕТА ПЯТИНСКОГО СЕЛЬСКОГО ПОСЕЛЕНИЯ РОМОДАНОВСКОГО МУНИЦИПАЛЬНОГО РАЙОНА РЕСПУБЛИКИ МОРДОВИЯ НА 2022 ГОД И НА ПЛАНОВЫЙ ПЕРИОД 2023 и 2024 ГОДОВ
A7: Код | B7: Наименование кода группы, подгруппы, статьи, вида источника финансирования дефицитов бюджетов, кода классификации операций сектора государственного управления, относящихся к источникам финансирования дефицитов бюджетов Российской Федерации | C7: Сумма (тыс. руб.)
C8: 2022 год | D8: 2023 год | E8: 2024 год
A9: 1 | B9: 2 | C9: 3 | D9: 4 | E9: 5
A10: 000 01 00 00 00 00 0000 000 | B10: ИСТОЧНИКИ ВНУТРЕННЕГО ФИНАНСИРОВАНИЯ ДЕФИЦИТОВ БЮДЖЕТОВ | C10: =C11+C22+C14+C18 -> 2797 | D10: =D11+D22+D14+D18 -> 0 | E10: =E11+E22+E14+E18 -> 0
A11: 000 01 02 00 00 00 0000 000 | B11: Кредиты кредитных организаций в валюте Российской Федерации | C11: =SUM(C12) -> 0 | D11: =SUM(D12) -> 0 | E11: =SUM(E12) -> 0
A12: 000 01 02 00 00 00 0000 700 | B12: Привлечение кредитов от кредитных организаций в валюте Российской Федерации | C12: =SUM(C13) -> 0 | D12: =SUM(D13) -> 0 | E12: =SUM(E13) -> 0
A13: 000 01 02 00 00 05 0000 710 | B13: Привлечение кредитов от кредитных организаций бюджетами муниципальных районов в валюте Российской Федерации | C13: 0 | D13: 0 | E13: 0
A14: 000 01 03 00 00 00 0000 000 | B14: Бюджетные кредиты из других бюджетов бюджетной системы Российской Федерации | C14: =C15 -> 0 | D14: =D15 -> 0 | E14: =E15 -> 0
A15: 000 01 03 01 00 00 0000 000 | B15: Бюджетные кредиты из других бюджетов бюджетной системы Российской Федерации в валюте Российской Федерации | C15: =C16 -> 0 | D15: =D16 -> 0 | E15: =E16 -> 0
A16: 000 01 03 01 00 00 0000 800 | B16: Погашение бюджетных кредитов, полученных из других бюджетов бюджетной системы Российской Федерации в валюте Российской Федерации | C16: =SUM(C17) -> 0 | D16: =SUM(D17) -> 0 | E16: =SUM(E17) -> 0
A17: 000 01 03 01 00 05 0000 810 | B17: Погашение бюджетами муниципальных районов кредитов из других бюджетов бюджетной системы Российской Федерации в валюте Российской Федерации | C17: 0 | D17: 0 | E17: 0
A18: 000 01 06 00 00 00 0000 000 | B18: Иные источники внутреннего финансирования дефицитов бюджетов | C18: =C19 -> 0 | D18: =D19 -> 0 | E18: =E19 -> 0
A19: 000 01 06 05 00 00 0000 000 | B19: Бюджетные кредиты, предоставленные внутри страны в валюте Российской Федерации | C19: =C20 -> 0 | D19: =D20 -> 0 | E19: =E20 -> 0
A20: 000 01 06 05 02 00 0000 600 | B20: Возврат бюджетных кредитов, предоставленных другим бюджетам бюджетной системы Российской Федерации в валюте Российской Федерации | C20: =C21 -> 0 | D20: =D21 -> 0 | E20: =E21 -> 0
A21: 000 01 06 05 02 05 0000 640 | B21: Возврат бюджетных кредитов, предоставленных другим бюджетам бюджетной системы Российской Федерации из бюджетов муниципальных районов в валюте Российской Федерации | C21: 0 | D21: 0 | E21: 0
A22: 000 01 05 00 00 00 0000 000 | B22: Изменения остатков средств на счетах по учету средств бюджета | C22: =C25+C26 -> 2797 | D22: =D25+D26 -> 0 | E22: =E25+E26 -> 0
A23: 000 01 05 02 00 00 0000 500 | B23: Увеличение прочих остатков средств бюджетов | C23: =SUM(C24) -> -2154.8 | D23: =SUM(D24) -> -1495.8 | E23: =SUM(E24) -> -1529.2
A24: 000 01 05 02 01 00 0000 510 | B24: Увеличение прочих остатков денежных средств бюджетов | C24: =SUM(C25) -> -2154.8 | D24: =SUM(D25) -> -1495.8 | E24: =SUM(E25) -> -1529.2
A25: 000 01 05 02 01 10 0000 510 | B25: Увеличение прочих остатков денежных средств бюджетов сельских поселений | C25: =-'Приложение 1'!C11-C30 -> -2154.8 | D25: =-'Приложение 1'!D11-D30 -> -1495.8 | E25: =-'Приложение 1'!E11-E30 -> -1529.2
A26: 000 01 05 02 00 00 0000 600 | B26: Уменьшение прочих остатков средств бюджетов | C26: =SUM(C27) -> 4951.8 | D26: =SUM(D27) -> 1495.8 | E26: =SUM(E27) -> 1529.2
A27: 000 01 05 02 01 00 0000 610 | B27: Уменьшение прочих остатков денежных средств бюджетов | C27: =SUM(C28) -> 4951.8 | D27: =SUM(D28) -> 1495.8 | E27: =SUM(E28) -> 1529.2
A28: 000 01 05 02 01 05 0000 610 | B28: Уменьшение прочих остатков денежных средств бюджетов муниципальных районов | C28: =-C17+'Приложение 2'!J7 -> 4951.8 | D28: =-D17+'Приложение 2'!K7 -> 1495.8 | E28: =-E17+'Приложение 2'!L7 -> 1529.2
A29: 000 01 00 00 00 00 0000 000 | B29: Итого источников внутреннего финансирования дефицита бюджета Пятинского сельского поселения Ромодановского муниципального района Республики Мордовия
B30: собственные доходы | C30: 1113.1 | D30: 1136.2 | E30: 1166.4
